 Dungeon Crawl Stone Soup version 0.19.1-1-g22dce08 (webtiles) character file.

6895 Jerry the Carver (level 10, -7/74 HPs)
             Began as a Minotaur Gladiator on Jan 2, 2017.
             Was a Priest of Dithmenos.
             Engulfed by a fire crab's flame (16 damage)
             ... on level 9 of the Dungeon.
             The game lasted 00:21:01 (6934 turns).

Jerry the Carver (Minotaur Gladiator)               Turns: 6934, Time: 00:21:02

Health: -7/74      AC: 16    Str: 20    XL:     10   Next: 79%
Magic:  9/9        EV: 20    Int:  5    God:    Dithmenos [***...]
Gold:   401        SH:  0    Dex: 16    Spells: 0 memorised, 9 levels left

rFire  . . .     SeeInvis .     S - +0 scimitar (slice)
rCold  + . .     Gourm    .     y - +1 ring mail {rN+}
rNeg   + . .     Faith    .     (no shield)
rPois  +         Spirit   .     j - +1 hat {MR+}
rElec  .         Reflect  .     p - +2 cloak {rPois}
rCorr  .         Harm     .     I - +0 pair of gloves
MR     +....     Clarity  +     O - +0 pair of boots
Stlth  +.........               h - amulet of regeneration
                                J - ring of protection from cold
                                g - ring of poison resistance

@: about to teleport, wreathed by umbra
A: retaliatory headbutt, horns 2, repulsion field 1, agile 1, clarity
a: Shadow Step, Renounce Religion


You were on level 9 of the Dungeon.
You worshipped Dithmenos.
Dithmenos was most pleased with you.
You were not hungry.

You visited 2 branches of the dungeon, and saw 10 of its levels.

You collected 401 gold pieces.

Inventory:

Hand Weapons
 H - the +4 Vampire's Tooth {vamp}
   (You found it on level 5 of the Dungeon)

   It inflicts no extra harm, but heals its wielder when it wounds a living foe.
 S - a +0 scimitar of slicing (weapon)
Missiles
 d - 2 throwing nets (quivered)
Armour
 j - a +1 hat of magic resistance (worn)
 p - a +2 cloak of poison resistance (worn)
 y - a +1 ring mail of positive energy (worn)
 I - a +0 pair of gloves (worn)
 O - a +0 pair of boots (worn)
Jewellery
 b - a cursed amulet of inaccuracy {unknown}
 g - a ring of poison resistance (left hand)
 h - an amulet of regeneration (around neck)
 J - a ring of protection from cold (right hand)
Wands
 o - a wand of random effects (28/48)
 x - a wand of digging (12/24)
 A - a wand of iceblast (9/15)
 K - a wand of confusion (24/48)
 L - a wand of confusion (36/48)
Scrolls
 e - a scroll of identify
 l - 2 scrolls of immolation
 m - 2 scrolls of teleportation
 v - a scroll of recharging
 M - a scroll of remove curse
Potions
 a - 2 potions of degeneration {unknown}
 q - 3 potions of flight
 r - a potion of curing
 s - a potion of agility {unknown}
 t - a potion of cure mutation {unknown}
 u - 3 potions of lignification {unknown}
 w - a potion of resistance {unknown}
 z - 2 potions of brilliance {unknown}
 B - 2 potions of heal wounds {unknown}
 C - a potion of invisibility {unknown}
 N - a potion of beneficial mutation {unknown}
 P - a potion of haste {unknown}
 Q - a potion of might
Comestibles
 c - 18 chunks of flesh
 f - 6 bread rations
 i - 4 meat rations
 k - 2 fruits
 n - 2 beef jerkies


   Skills:
 - Level 2.4 Fighting
 + Level 11.9 Long Blades
 - Level 2.0 Throwing
 + Level 11.4 Armour
 + Level 10.6 Dodging


You had 9 spell levels left.
You didn't know any spells.

Dungeon Overview and Level Annotations

Branches:
Dungeon (9/15)             Temple (1/1) D:5             Orc (0/2) D:9
   Lair: D:8-11

Altars:
Dithmenos
Elyvilon
Fedhas
Gozag
Hepliaklqana
Okawaru
Qazlal
Xom
Yredelemnul
The Shining One

Shops:
D:6 =


Innate Abilities, Weirdness & Mutations

You reflexively headbutt those who attack you in melee.
You have a pair of horns on your head.
You are surrounded by a mild repulsion field. (EV +2)
You are agile. (Dex +2)
You possess an exceptional clarity of mind.


Message History

The fire crab breathes flames at you. The blast of flame engulfs you!
As you read the scroll of teleportation, it crumbles to dust.
You feel strangely unstable.
You are engulfed in roaring flames.
The fire crab breathes flames at you. The blast of flame engulfs you!
* * * LOW HITPOINT WARNING * * *
Really walk into that cloud of flame? [Y]es or [N]o only, please.
Really walk into that cloud of flame?
Okay, then.
Really walk into that cloud of flame?
You are engulfed in roaring flames.
* * * LOW HITPOINT WARNING * * *
The fire crab breathes flames at you. The blast of flame misses you.
The fire crab breathes flames at you. The blast of flame engulfs you!
You feel better.
You are engulfed in roaring flames.
You die...

*,* #..# *,*
##.# *,*
#.#######***
*,*
#.'...#"|+⌠*
*,*
###...#:D###
*,*
#...#...(#
#.#
#...#...D#
..#
#..§####t#
##*
#...§@§.§#
#...§§§§§#
#...§§§§§#
##########


You could see a fire crab.

Vanquished Creatures
  Gastronok (D:8)
  A hippogriff (D:7)
  Grum (D:8)
  Edmund (D:5)
  A water moccasin (shapeshifter) (D:9)
  6 orc warriors
  Duvessa (D:4)
  3 ice beasts
  2 sky beasts
  A necrophage (D:6)
  4 ogres
  A black bear (D:6)
  A phantom (D:5)
  2 wolves (D:8)
  A crocodile (D:5)
  5 bullfrogs
  Dowan (D:4)
  2 scorpions (D:8)
  A water moccasin skeleton (D:9)
  8 killer bees
  11 wights
  2 howler monkeys
  2 vampire bats (D:5)
  The ghost of cuckmaster the Firebug, a weakling OpFE (D:4)
  3 crimson imps
  3 hounds
  A quasit (D:8)
  2 bullfrog skeletons
  9 orc wizards
  Crazy Yiuf (D:2)
  An iguana (D:9)
  6 orc priests
  Jessica (D:2)
  5 worker ants
  Robin (D:2)
  10 gnolls
  A howler monkey skeleton (D:6)
  7 adders
  4 shadow imps
  2 oozes
  An adder zombie (D:5)
  A dart slug (D:1)
  A worm (D:2)
  5 leopard geckos
  36 orcs
  A ball python (D:2)
  17 bats
  6 giant cockroaches
  14 goblins
  7 hobgoblins
  14 jackals
  A quokka (D:7)
  5 frilled lizards
  5 kobolds
  A leopard gecko skeleton (D:9)
  3 rats
235 creatures vanquished.

Vanquished Creatures (others)
  An adder (D:9)
1 creature vanquished.

Grand Total: 236 creatures vanquished

Notes
Turn   | Place    | Note
-------+----------+-------------------------------------------
     0 | D:1      | Jerry the Minotaur Gladiator began the quest for the Orb.
     0 | D:1      | Reached XP level 1. HP: 18/18 MP: 0/0
    72 | D:1      | Reached skill level 1 in Armour
   164 | D:1      | Reached XP level 2. HP: 25/25 MP: 1/1
   829 | D:2      | Reached XP level 3. HP: 28/30 MP: 2/2
   851 | D:2      | Noticed Robin
   864 | D:2      | Killed Robin
  1002 | D:2      | Found a runed door.
  1007 | D:2      | Noticed Crazy Yiuf
  1011 | D:2      | Killed Crazy Yiuf
  1011 | D:2      | Reached XP level 4. HP: 29/37 MP: 3/3
  1274 | D:2      | You fall through a shaft for 2 floors!
  1274 | D:4      | Noticed Duvessa
  1274 | D:4      | Noticed Dowan
  1282 | D:4      | Killed Duvessa
  1282 | D:4      | Reached skill level 5 in Long Blades
  1282 | D:4      | Reached XP level 5. HP: 32/42 MP: 4/4
  1283 | D:4      | Killed Dowan
  1405 | D:2      | Noticed Jessica
  1411 | D:2      | Killed Jessica
  1411 | D:2      | Reached XP level 6. HP: 49/50 MP: 5/5
  1906 | D:3      | Found a faded altar of an unknown god.
  2456 | D:4      | Reached skill level 5 in Dodging
  2557 | D:4      | Noticed cuckmaster's ghost (weakling OpFE)
  2563 | D:4      | Reached skill level 5 in Armour
  2571 | D:4      | Killed cuckmaster's ghost
  2674 | D:5      | Entered Level 5 of the Dungeon
  2679 | D:5      | Reached XP level 7. HP: 37/56 MP: 6/6
  2851 | D:5      | Noticed Edmund
  2873 | D:5      | Killed Edmund
  3076 | D:5      | Found a staircase to the Ecumenical Temple.
  3090 | Temple   | Entered the Ecumenical Temple
  3097 | Temple   | Became a worshipper of Dithmenos the Shadowed
  3353 | D:6      | Reached XP level 8. HP: 60/62 MP: 7/7
  3727 | D:6      | Found Ecut's Jewellery Emporium.
  3913 | D:6      | Reached * piety under Dithmenos
  4358 | D:7      | Reached XP level 9. HP: 68/68 MP: 8/8
  4811 | D:7      | Reached ** piety under Dithmenos
  5277 | D:8      | Noticed Gastronok
  5294 | D:8      | HP: 2/68 [Gastronok (31)]
  5313 | D:8      | Reached skill level 10 in Long Blades
  5587 | D:8      | Gained mutation: You are surrounded by a mild repulsion field. (EV +2) [potion of mutation]
  5587 | D:8      | Gained mutation: You are agile. (Dex +2) [potion of mutation]
  5587 | D:8      | Gained mutation: You possess an exceptional clarity of mind. [potion of mutation]
  5777 | D:8      | Noticed Grum
  5794 | D:8      | Killed Grum
  5982 | D:8      | Killed Gastronok
  5982 | D:8      | Reached skill level 10 in Armour
  5982 | D:8      | Reached skill level 10 in Dodging
  5982 | D:8      | Reached XP level 10. HP: 53/74 MP: 9/9
  6655 | D:9      | Reached *** piety under Dithmenos
  6924 | D:9      | Noticed a fire dragon
  6924 | D:9      | Noticed a fire crab
  6932 | D:9      | HP: 1/74 [fire crab] (16)]
  6934 | D:9      | Engulfed by a fire crab's flame

Skill      XL: |  1  2  3  4  5  6  7  8  9 10 |
---------------+-------------------------------+-----
Armour         | 1 2 3 4 5 6 8 10 11 | 11.4
Long Blades    | 4 5 6 7 9 11 | 11.9
Dodging        | 4 5 6 7 10 | 10.6
Fighting       | |  2.4
Throwing       | |  2.0

Action                   |  1- 3 |  4- 6 |  7- 9 | 10-12 || total
-------------------------+-------+-------+-------+-------++-------
Melee: Long sword        |    61 |    93 |   378 |   172 ||   704
       Headbutt          |     9 |    19 |   104 |    63 ||   195
       Scimitar          |       |       |       |     7 ||     7
Throw: Throwing net      |       |       |     1 |       ||     1
  Use: Scroll            |     1 |       |     3 |     9 ||    13
       Potion            |       |     1 |     2 |     1 ||     4
 Stab: Held in net/web   |       |       |     7 |       ||     7
  Eat: Chunk             |       |     6 |    11 |     4 ||    21
Armor: Leather armour    |    18 |    14 |       |       ||    32
       Ring mail         |       |     9 |   137 |    34 ||   180
Dodge: Dodged            |    57 |    66 |   333 |   154 ||   610
       Rpst.: Long sword |    13 |    20 |    92 |    39 ||   164
